 Dungeon Crawl Stone Soup version 0.21-a0-440-g28109cb (webtiles) character file.

354379 4thArraOfDagon the Wrestler (level 21, -1/150 HPs)
             Began as a Vine Stalker Enchanter on Nov 10, 2017.
             Was the Champion of Cheibriados.
             Slain by a titan (10 damage)
             ... on level 5 of the Vaults on Nov 11, 2017.
             The game lasted 01:55:58 (16684 turns).

4thArraOfDagon the Wrestler (VSEn)                 Turns: 16684, Time: 01:55:59

Health: -1/150     AC: 36    Str: 40    XL:     21   Next: 91%
Magic:  0/50       EV: 33    Int: 50    God:    Cheibriados [******]
Gold:   2304       SH:  5    Dex: 29    Spells: 6/37 levels left

rFire    + . .     SeeInvis .     - Unarmed
rCold    + . .     Gourm    .   (no shield)
rNeg     + . .     Faith    .   (armour currently unavailable)
rPois    ∞         Spirit   +   v - +3 hat of Pondering {ponderous, MR+ MP+10 Int+5}
rElec    +         Reflect  +   P - +2 cloak {+Inv}
rCorr    .         Harm     .   (gloves currently unavailable)
MR       +++..                  (boots currently unavailable)
Stlth    ++........             y - amulet of Wonder {Reflect MP+9 Str+5 SH+5}
HPRegen  1.15/turn              j - ring "Ijod" {rF+ EV+2 Int+8}
MPRegen  0.32/turn              c - ring "Luogiz" {rElec rC+ Slay+5}

@: mighty, statue-form, glowing, silenced, very slow
A: fangs 3, repulsion field 2, low mp 1, poison resistance, regeneration 2,
magic shield, antimagic bite, no potion heal 3, rot immunity, sturdy frame 1
}: 3/15 runes: decaying, serpentine, slimy
a: End Transformation, Renounce Religion, Evoke Invisibility


You were on level 5 of the Vaults.
You worshipped Cheibriados.
Cheibriados was exalted by your worship.
You were not hungry.
You were a stone statue.
You visited 8 branches of the dungeon, and saw 42 of its levels.
You also visited: Labyrinth.

You collected 4338 gold pieces.
You spent 2034 gold pieces at shops.

Inventory:

Missiles
 B - 2 throwing nets (quivered)
Armour
 l - the +0 pair of gloves of Plasticity (melded) {MP+9 Str+3}
   (You bought it in a shop on level 3 of the Elven Halls)

   It affects your strength (+3).
   It affects your magic capacity (+9).
 v - the +3 hat of Pondering (worn) {ponderous, MR+ MP+10 Int+5}
   (You took it off Gastronok on level 12 of the Dungeon)

   It affects your intelligence (+5).
   It affects your resistance to hostile enchantments.
   It affects your magic capacity (+10).
 D - a +2 helmet
 K - a +0 pair of boots (melded)
 O - the +1 scale mail of the Trombone {rPois Str-3 Dex+2, unknown}
   (You found it on level 5 of the Vaults)

   It affects your strength (-3).
   It affects your dexterity (+2).
   It protects you from poison.
 P - a +2 cloak of invisibility (worn)
 Q - a +1 robe of fire resistance
 W - the +1 leather armour of Fashionability (melded) {rPois rC+ rCorr Slay+3}
   (You found it on level 3 of the Swamp)

   It affects your accuracy and damage with ranged weapons and melee attacks
   (+3).
   It protects you from cold.
   It protects you from poison.
   It protects you from acid and corrosion.
Magical Staves
 b - an uncursed staff of energy {!a}
 r - an uncursed staff of earth
Jewellery
 c - the ring "Luogiz" (right hand) {rElec rC+ Slay+5}
   (You found it on level 1 of the Snake Pit)

   [ring of slaying]

   It affects your accuracy and damage with ranged weapons and melee attacks
   (+5).
   It protects you from cold.
   It insulates you from electricity.
 j - the ring "Ijod" (left hand) {rF+ EV+2 Int+8}
   (You found it on level 5 of the Pits of Slime)

   [ring of evasion]

   It affects your evasion (+2).
   It affects your intelligence (+8).
   It protects you from fire.
 o - an uncursed ring of protection from fire
 y - the amulet of Wonder (around neck) {Reflect MP+9 Str+5 SH+5}
   (You found it on level 6 of the Dungeon)

   [amulet of reflection]

   It shields you and reflects attacks.
   It affects your strength (+5).
   It affects your magic capacity (+9).
   It affects your SH (+5).
 z - an uncursed ring of see invisible
 J - a ring of the Octopus King {rF+ AC+1 EV+1 Str+1 Int+1 Dex+1}
   (You took it off a deep elf demonologist on level 3 of the Elven Halls)

   [ring of protection from fire]

   It affects your AC (+1).
   It affects your evasion (+1).
   It affects your strength (+1).
   It affects your intelligence (+1).
   It affects your dexterity (+1).
   It protects you from fire.
Wands
 a - a wand of paralysis (6/24)
 n - a wand of digging (6/24)
 I - a wand of paralysis (13/24)
 V - a wand of acid (7/15)
 Z - a wand of acid (10/15)
Scrolls
 e - 2 scrolls of recharging
 f - 15 scrolls of remove curse
 h - 3 scrolls of immolation
 i - 3 scrolls of magic mapping
 q - a scroll of fog
 t - 6 scrolls of teleportation
 u - 6 scrolls of amnesia
 C - 10 scrolls of blinking
 F - 2 scrolls of summoning
 T - a scroll of vulnerability
Potions
 g - 2 potions of flight
 k - a potion of resistance
 w - 4 potions of lignification
 x - 2 potions of cancellation
 A - 17 potions of curing
 G - 3 potions of invisibility
 H - 3 potions of agility
 L - 3 potions of magic
 M - 4 potions of might
 R - 4 potions of mutation
 S - 2 potions of brilliance
 U - 3 potions of ambrosia
Miscellaneous
 p - a lamp of fire
 s - a phial of floods
 E - a lightning rod (4/4)
 N - a fan of gales
Comestibles
 d - 14 bread rations
 m - 10 meat rations


   Skills:
 + Level 14.9 Fighting
   Level 2.1 Short Blades
 + Level 13.9 Dodging
 - Level 3.6 Stealth
 * Level 21.6 Unarmed Combat
 + Level 8.8 Spellcasting
 - Level 3.0 Hexes
 - Level 4.5 Charms
 - Level 4.5 Necromancy
 * Level 8.4 Translocations
 - Level 9.6 Transmutations
 - Level 9.6 Earth Magic
 - Level 10.3 Invocations


You had 6 spell levels left.
You knew the following spells:

 Your Spells              Type           Power        Failure   Level  Hunger
a - Corona                Hex            ######.      1%          1    None
b - Ensorcelled Hibernat  Hex/Ice        #####.       1%          2    None
c - Confusing Touch       Hex            ######       1%          1    None
d - Confuse               Hex            ######..     1%          3    None
e - Regeneration          Chrm/Necr      ######....   1%          3    None
f - Statue Form           Tmut/Erth      #######..    2%          6    ###....
g - Blade Hands           Tmut           #######...   1%          5    None
h - Controlled Blink      Tloc           N/A          90%         8    ######.
i - Sublimation of Blood  Necr           ######....   1%          2    None


Dungeon Overview and Level Annotations

Branches:
Dungeon (13/15)            Temple (0/1) D:5            Lair (6/6) D:9
  Swamp (4/4) Lair:2        Snake (4/4) Lair:3        Slime (5/5) Lair:6
    Orc (2/2) D:10            Elf (3/3) Orc:2        Vaults (5/5) D:13
  Crypt (0/3) Vaults:3

Altars:
Cheibriados
Dithmenos
Fedhas
Hepliaklqana
Kikubaaqudgha
Nemelex Xobeh
Okawaru
Ru
Uskayaw
Vehumet
Yredelemnul
Zin
The Shining One
Beogh
Jiyva

Shops:
D:8 *[*   D:10 [   D:13 *   Orc:2 [}(!   Elf:3 [*[(

Annotations:
D:7 1 runed door
Elf:2 3 runed doors
Vaults:5 Mennas


Innate Abilities, Weirdness & Mutations

You have razor-sharp teeth.
You heal very quickly.
When hurt, damage is shared between your health and your magic reserves.
Your bite disrupts and absorbs the magic of your enemies.
Potions cannot restore your health.
You are immune to rotting.
You are surrounded by a moderate repulsion field. (EV +3)
Your magical capacity is low. (-10% MP)
Your system is resistant to poisons. (rPois)
Your movements are slightly less encumbered by armour. (ER -2)


Message History

You miss Mennas. Your bite misses Mennas.
Mennas is almost dead.
Mennas hits you but does no damage. Mennas misses you.
The vault guard throws a stone.
You reflect the stone off an invisible shield around you!
The stone hits the vault guard!
Mennas hits you with a sacred scourge of holy wrath!
* * * LOW HITPOINT WARNING * * *
Mennas hits you but does no damage. The titan hits you but does no damage.
The eye of devastation gazes at you. The bolt of energy misses you.
Unknown command.
Unknown command.
You pummel Mennas!! Your bite misses Mennas.
Mennas is almost dead.
Mennas hits you with a sacred scourge of holy wrath!!
* * * LOW HITPOINT WARNING * * *
Mennas hits you but does no damage.
The vault guard throws a stone.
The stone hits you but does no damage. The titan hits you!
You die...

.#..##...# .#(.###...#
.#...###...# #
.#....###...## .##
.#.....###...## ..#
.#..#...###...## ...#
(#..##...###)..####pC.###
.#....(...((.).G†))......
.).............A8C.......
..)######################
...))........
..[.)........
#############


You could see Mennas, 2 titans, a vault guard and an eye of devastation shaped
shifter.

Vanquished Creatures
  the Royal Jelly (Slime:5)
  An ancient lich (Vaults:5)
  Boris (Vaults:3)
  Vashnia (Snake:2)
  the Lernaean hydra (Swamp:4)
  A golden dragon (Vaults:5)
  Jorgrun (Swamp:3)
  A tentacled monstrosity (Vaults:5)
  2 titans (Vaults:5)
  A deep elf blademaster (Elf:3)
  Asterion (Snake:2)
  15 acid blobs
  2 sphinxes (Vaults:3)
  Gastronok (D:12)
  Kirke (Snake:2)
  4 thorn hunters
  Donald (Snake:3)
  7 nagarajas (Snake:4)
  A shadow dragon (Vaults:5)
  2 tengu reavers
  Roxanne (Swamp:4)
  8 azure jellies
  A frost giant (Vaults:5)
  4 vault wardens
  2 orc warlords
  Louise (Swamp:1)
  6 deep elf sorcerers
  Aizul (Snake:2)
  3 deep elf elementalists (Elf:3)
  2 ironheart preservers
  2 stone giants (Vaults:5)
  4 very ugly things (Vaults:5)
  3 dire elephants (Lair:6)
  6 deep elf annihilators (Elf:3)
  6 deep elf demonologists
  2 ettins
  Snorg (D:12)
  2 deep elf death magi (Elf:3)
  A minotaur (Lab)
  5 yaktaur captains
  6 death oozes
  The ghost of happinesssam the Unseen, a journeyman SpVM of Ashenzari (Lair:6)
  2 ice dragons
  2 deep elf high priests (Elf:3)
  5 great orbs of eyes
  9 vault guards
  18 hydras
  13 naga warriors
  A ghost crab (Swamp:2)
  5 anacondas
  4 alligators
  18 two-headed ogres
  A centaur warrior (Vaults:3)
  2 death knights
  21 dancing weapons
  5 orc high priests
  3 ogre magi
  17 naga sharpshooters
  4 shock serpents
  12 spriggans
  16 deep elf knights
  A shadow wraith (Vaults:4)
  An iron troll (D:13)
  Nergalle (Lair:1)
  2 salamander mystics
  6 sea snakes (Snake:4)
  An unseen horror (D:13)
  13 swamp dragons
  A hell knight (Vaults:3)
  A skeletal warrior (Vaults:2)
  A flayed ghost (Vaults:2)
  A spriggan druid (Swamp:4)
  A deep troll (Vaults:5)
  A shambling mangrove (Swamp:4)
  2 naga ritualists
  5 harpies (Vaults:3)
  5 ironbrand convokers
  2 necromancers (Vaults:3)
  2 wizards (Vaults:3)
  12 deep elf archers
  A harpy (shapeshifter) (Vaults:3)
  A phantasmal warrior (D:13)
  5 mana vipers
  9 orc knights
  11 ugly things
  56 deep elf magi
  The ghost of Qupu the Gouger, a novice FeBe of Trog (D:8)
  A cyclops (shapeshifter) (Vaults:3)
  5 orc sorcerers
  A wolf spider (Vaults:1)
  4 cyclopes
  A stone giant zombie (Vaults:3)
  4 shining eyes
  10 elephants (Lair:6)
  7 salamanders
  A water nymph (shapeshifter) (Elf:2)
  A stone giant skeleton (Vaults:3)
  A frost giant skeleton (Vaults:3)
  23 black mambas
  Joseph (D:8)
  3 guardian serpents
  2 eyes of devastation (Slime:5)
  15 naga magi
  4 vault sentinels
  20 spiny frogs
  A storm dragon simulacrum (Vaults:3)
  8 yaktaurs
  A rime drake (Lair:4)
  4 komodo dragons
  4 freezing wraiths
  A yaktaur skeleton (Vaults:3)
  A tengu conjurer (D:13)
  3 trolls
  16 hornets
  2 polar bears
  2 tyrant leeches
  A harpy skeleton (D:13)
  59 slime creatures
  8 hippogriffs
  4 bog bodies
  A meliai zombie (D:12)
  22 dream sheep
  12 blink frogs (Lair:6)
  4 air elementals
  Sigmund (D:2)
  A shadow (Swamp:4)
  An ettin skeleton (Vaults:3)
  43 yaks
  3 water elementals
  2 wyverns
  4 wraiths
  A vampire (D:13)
  A tarantella (shapeshifter) (Elf:3)
  3 fire elementals
  A human (shapeshifter) (D:13)
  A hog (Snake:2)
  A basilisk (Lair:4)
  2 steam dragons (D:9)
  A yaktaur simulacrum (Vaults:3)
  A hungry ghost (D:8)
  4 golden eyes (Slime:3)
  26 vampire mosquitoes
  2 human simulacra
  10 swamp worms
  6 wargs
  53 nagas
  7 insubstantial wisps
  2 acid dragons
  6 water moccasins
  5 porcupines
  10 swamp drakes
  5 ice beasts
  6 black bears
  3 eyes of draining
  2 phantoms
  An ice beast (shapeshifter) (Elf:3)
  3 necrophages
  35 orc warriors
  2 sky beasts (D:10)
  19 ogres
  18 wolves
  An elf skeleton (Vaults:3)
  8 crocodiles
  5 centaurs
  6 bullfrogs
  An earth elemental (Elf:1)
  8 scorpions
  13 killer bees
  6 electric eels
  5 howler monkeys
  10 wights
  3 crimson imps (D:6)
  A quasit (D:9)
  2 bullfrog skeletons
  5 jellies
  23 orc wizards
  16 orc priests
  2 centaur skeletons
  3 hounds
  4 iguanas
  13 worker ants
  A hound zombie (D:8)
  Robin (D:3)
  A worker ant zombie (D:10)
  7 gnolls
  12 adders
  4 shadow imps
  An adder zombie (D:9)
  3 oozes
  A worm (D:2)
  A dart slug (D:6)
  3 leopard geckos
  85 orcs
  2 ball pythons
  7 giant cockroaches
  15 goblins
  7 hobgoblins
  22 jackals
  A ball python zombie (D:6)
  6 bats
  4 frilled lizards
  7 kobolds
  6 rats
  2 butterflies
  4 plants (Lair:6)
1303 creatures vanquished.

Vanquished Creatures (others)
  A deep elf knight (Elf:1)
  2 yaktaurs (Vaults:2)
  A hornet (Swamp:4)
  A spriggan (Swamp:4)
  5 humans (Snake:2)
  A naga (Snake:4)
  A bush (Lair:6)
  26 fungi
  14 plants
52 creatures vanquished.

Grand Total: 1355 creatures vanquished

Notes
Turn   | Place    | Note
-------+----------+-------------------------------------------
     0 | D:1      | 4thArraOfDagon the Vine Stalker Enchanter began the quest for the Orb.
     0 | D:1      | Reached XP level 1. HP: 9/9 MP: 4/4
    88 | D:1      | Reached skill level 1 in Short Blades
   172 | D:1      | Reached XP level 2. HP: 11/13 MP: 3/6
   176 | D:1      | Learned a level 2 spell: Ensorcelled Hibernation
   377 | D:2      | Reached skill level 1 in Unarmed Combat
   377 | D:2      | Reached XP level 3. HP: 9/16 MP: 4/7
   432 | D:3      | Noticed Robin
   447 | D:4      | Reached skill level 2 in Unarmed Combat
   577 | D:4      | Found a sparkling altar of Nemelex Xobeh.
   579 | D:4      | Found a basalt altar of Yredelemnul.
   579 | D:4      | Found a snail-covered altar of Cheibriados.
   580 | D:4      | Found a radiant altar of Vehumet.
   582 | D:4      | Found a glowing golden altar of the Shining One.
   587 | D:4      | Became a worshipper of Cheibriados the Contemplative
   636 | D:4      | Learned a level 1 spell: Confusing Touch
   735 | D:3      | Gained mutation: Your natural rate of healing is unusually fast. [Vine Stalker growth]
   735 | D:3      | Reached XP level 4. HP: 20/21 MP: 5/8
   928 | D:1      | Reached * piety under Cheibriados
  1127 | D:2      | Reached skill level 3 in Unarmed Combat
  1138 | D:2      | Noticed Sigmund
  1241 | D:2      | Killed Sigmund
  1241 | D:2      | Reached skill level 1 in Fighting
  1241 | D:2      | Reached skill level 1 in Invocations
  1241 | D:2      | Reached XP level 5. HP: 23/26 MP: 5/9
  1241 | D:2      | Reached XP level 6. HP: 27/30 MP: 5/10
  1282 | D:2      | Reached skill level 4 in Unarmed Combat
  1490 | D:3      | Reached ** piety under Cheibriados
  1501 | D:3      | Killed Robin
  1862 | D:4      | Found a glowing silver altar of Zin.
  1862 | D:4      | Found a hide-covered altar of Uskayaw.
  1947 | D:5      | Entered Level 5 of the Dungeon
  1975 | D:5      | Found a staircase to the Ecumenical Temple.
  2022 | D:5      | Reached XP level 7. HP: 34/35 MP: 11/11
  2042 | D:5      | Reached *** piety under Cheibriados
  2075 | D:5      | Reached skill level 5 in Unarmed Combat
  2164 | D:5      | Found a hazy altar of Hepliaklqana.
  2256 | D:6      | Found a snail-covered altar of Cheibriados.
  2282 | D:5      | Gained mutation: You have razor-sharp teeth. [Vine Stalker growth]
  2282 | D:5      | Reached XP level 8. HP: 34/40 MP: 12/12
  2437 | D:6      | Reached skill level 6 in Unarmed Combat
  2459 | D:6      | Found a sacrificial altar of Ru.
  2585 | D:6      | Reached **** piety under Cheibriados
  2621 | D:6      | Reached skill level 7 in Unarmed Combat
  2636 | D:6      | Reached XP level 9. HP: 30/45 MP: 9/13
  2713 | D:6      | Found a blossoming altar of Fedhas.
  2775 | D:6      | Got a flickering ruby amulet
  2776 | D:6      | Identified the amulet of Wonder {Reflect MP+9 Str+5 SH+5} (You found it on level 6 of the Dungeon)
  2863 | D:7      | Found a runed door.
  2869 | D:7      | Found a runed door.
  2870 | D:7      | Reached ***** piety under Cheibriados
  2873 | D:7      | Reached skill level 8 in Unarmed Combat
  2902 | D:7      | Reached skill level 5 in Invocations
  3010 | D:7      | Found a shadowy altar of Dithmenos.
  3076 | D:7      | Got a sparkling silver ring
  3077 | D:7      | Identified the cursed ring "Juethre" {MR+++ EV-5 Str+4 Slay-4} (You found it on level 7 of the Dungeon)
  3094 | D:8      | Noticed Qupu's ghost (novice FeBe)
  3125 | D:8      | Reached skill level 5 in Fighting
  3148 | D:8      | Found Tush's Antique Armour Shop.
  3153 | D:8      | Reached skill level 5 in Dodging
  3156 | D:8      | Bought a pair of glowing boots for 165 gold pieces
  3161 | D:8      | Identified a +1 pair of boots of running (You bought it in a shop on level 8 of the Dungeon)
  3192 | D:8      | Found Bydgh's Assorted Antiques.
  3206 | D:8      | Bought a scroll labeled INOAR FEIRRIYV for 27 gold pieces
  3206 | D:8      | Bought a fizzy white potion for 24 gold pieces
  3206 | D:8      | Bought a glowing yellow potion for 24 gold pieces
  3215 | D:8      | Reached XP level 10. HP: 47/51 MP: 15/15
  3315 | D:8      | Reached skill level 9 in Unarmed Combat
  3382 | D:8      | You fall through a shaft for 3 floors!
  3383 | D:11     | :O
  3428 | D:12     | Noticed Gastronok
  3435 | D:12     | Found a labyrinth entrance.
  3444 | Lab      | Entered a labyrinth
  3509 | Lab      | Noticed a minotaur
  3511 | Lab      | Gained mutation: You are surrounded by a mild repulsion field. (EV +2) [potion of mutation]
  3511 | Lab      | Gained mutation: Your muscles are strong. (Str +2) [potion of mutation]
  3511 | Lab      | Gained mutation: You are robust. (+10% HP) [potion of mutation]
  3530 | Lab      | Learned a level 3 spell: Confuse
  3545 | Lab      | Killed a minotaur
  3548 | Lab      | Got a distressingly furry ring mail
  3552 | Lab      | Identified the +0 ring mail of Understanding {rPois SInv} (You took it off a minotaur in a labyrinth)
  3589 | D:12     | Noticed a two-headed ogre
  3612 | D:12     | Killed a two-headed ogre
  3612 | D:12     | Reached skill level 10 in Unarmed Combat
  3677 | D:12     | Noticed a purple ugly thing
  3695 | D:12     | Killed a purple ugly thing
  3695 | D:12     | Reached XP level 11. HP: 39/63 MP: 15/17
  3718 | D:13     | Noticed a death knight
  3844 | D:12     | Noticed Snorg
  3956 | D:10     | Entered Level 10 of the Dungeon
  3965 | D:10     | Noticed a two-headed ogre
  4000 | D:10     | Reached skill level 11 in Unarmed Combat
  4031 | D:10     | Reached ****** piety under Cheibriados
  4064 | D:10     | Killed a two-headed ogre
  4117 | D:9      | Noticed a two-headed ogre
  4121 | D:9      | Killed a two-headed ogre
  4211 | D:8      | Noticed Joseph
  4223 | D:8      | Killed Joseph
  4396 | D:8      | Found Zonnudap's General Store.
  4411 | D:8      | Killed Qupu's ghost
  4642 | D:9      | Found a staircase to the Lair.
  4649 | D:9      | Gained mutation: You heal very quickly. [Vine Stalker growth]
  4649 | D:9      | Reached XP level 12. HP: 69/69 MP: 19/19
  4657 | D:9      | Reached skill level 12 in Unarmed Combat
  4813 | D:10     | Found Cysmike's Antique Armour Boutique.
  4818 | D:10     | Bought a distressingly furry leather armour for 161 gold pieces
  4828 | D:10     | Identified the +1 leather armour "Sodgh" {rF+ rC+ Slay-3} (You bought it in a shop on level 10 of the Dungeon)
  4920 | D:10     | Gained mutation: Your movements are slightly less encumbered by armour. (ER -2) [mutagenic meat]
  4921 | D:10     | Lost mutation: Your muscles are strong. (Str +2) [mutagenic meat]
  4922 | D:10     | Gained mutation: Your system is resistant to poisons. (rPois) [mutagenic meat]
  4923 | D:10     | Gained mutation: You are surrounded by a moderate repulsion field. (EV +3) [mutagenic meat]
  4981 | D:10     | Noticed a two-headed ogre
  4988 | D:10     | Killed a two-headed ogre
  5073 | D:10     | Found a staircase to the Orcish Mines.
  5102 | Orc:1    | Entered Level 1 of the Orcish Mines
  5108 | Orc:1    | Noticed an orc high priest
  5122 | D:10     | Killed an orc high priest
  5234 | Orc:1    | Noticed an orc high priest
  5241 | Orc:1    | Killed an orc high priest
  5245 | Orc:1    | Noticed an ettin
  5252 | Orc:1    | Killed an ettin
  5368 | Orc:1    | Found a roughly hewn altar of Beogh.
  5390 | Orc:2    | Entered Level 2 of the Orcish Mines
  5431 | Orc:2    | Noticed an orc warlord
  5448 | Orc:2    | Killed an orc warlord
  5448 | Orc:2    | Reached skill level 13 in Unarmed Combat
  5565 | Orc:2    | Found a roughly hewn altar of Beogh.
  5696 | Orc:2    | Reached XP level 13. HP: 52/75 MP: 21/21
  5715 | Orc:2    | Found a staircase to the Elven Halls.
  6105 | Orc:2    | Found Peireunu's Distillery.
  6105 | Orc:2    | Found Giry's Weapon Emporium.
  6107 | Orc:2    | Found Xakh's Antique Armour Emporium.
  6107 | Orc:2    | Found Ytse's Gadget Shop.
  6118 | Orc:2    | Bought a potion of magic for 96 gold pieces
  6118 | Orc:2    | Bought a potion of magic for 96 gold pieces
  6118 | Orc:2    | Bought a potion of might for 48 gold pieces
  6118 | Orc:2    | Bought a potion of degeneration for 12 gold pieces
  6122 | Orc:2    | Bought a pair of embroidered gloves for 262 gold pieces
  6122 | Orc:2    | Bought a fabulously ornate robe for 199 gold pieces
  6127 | Orc:2    | Bought a glowing cloak for 262 gold pieces
  6147 | Orc:2    | Identified the +0 robe of Ylaopn {Str+8 Int-4 Dex+7} (You bought it in a shop on level 2 of the Orcish Mines)
  6205 | Elf:1    | Entered Level 1 of the Elven Halls
  6209 | Elf:1    | Reached skill level 10 in Invocations
  6210 | Elf:1    | Reached skill level 14 in Unarmed Combat
  6459 | Lair:1   | Entered Level 1 of the Lair of Beasts
  6719 | Lair:1   | Noticed Nergalle
  6732 | Lair:1   | Killed Nergalle
  7033 | Lair:2   | Found a staircase to the Swamp.
  7150 | Lair:3   | Found an iron altar of Okawaru.
  7518 | Lair:5   | Reached XP level 14. HP: 79/83 MP: 22/22
  7593 | Lair:6   | Entered Level 6 of the Lair of Beasts
  7598 | Lair:6   | Reached skill level 10 in Fighting
  7598 | Lair:6   | Reached skill level 15 in Unarmed Combat
  7883 | Lair:6   | Noticed happinesssam's ghost (journeyman SpVM)
  7893 | Lair:6   | Killed happinesssam's ghost
  8038 | Lair:6   | Reached skill level 10 in Dodging
  8087 | Lair:6   | Found a staircase to the Slime Pits.
  8088 | Lair:6   | Found a viscous altar of Jiyva.
  8131 | Lair:6   | Reached skill level 16 in Unarmed Combat
  8311 | Lair:6   | Noticed a dire elephant
  8311 | Lair:6   | Noticed a dire elephant
  8318 | Lair:6   | Killed a dire elephant
  8325 | Lair:6   | Killed a dire elephant
  8360 | Lair:6   | Noticed a dire elephant
  8421 | Lair:6   | Reached XP level 15. HP: 87/89 MP: 23/23
  9163 | Elf:3    | Entered Level 3 of the Elven Halls
  9184 | Elf:3    | Reached skill level 17 in Unarmed Combat
  9188 | Elf:3    | Found Itausexe's Armour Shop.
  9190 | Elf:3    | Found Kyonabel's General Store.
  9192 | Elf:3    | Found Xites's Armour Shop.
  9215 | Elf:3    | Bought the +0 pair of gloves of Plasticity {MP+9 Str+3} for 477 gold pieces
  9260 | Elf:3    | Found Roram's Antique Weapon Shoppe.
  9446 | Elf:3    | Bought a scroll of identify for 28 gold pieces
  9616 | Elf:3    | Noticed a Tzitzimitl
  9632 | Elf:2    | Found a runed gate.
  9632 | Elf:2    | Found a runed gate.
  9632 | Elf:2    | Found a runed gate.
  9694 | Elf:2    | Reached XP level 16. HP: 89/96 MP: 24/24
  9927 | Elf:3    | Reached skill level 18 in Unarmed Combat
  9945 | Elf:3    | p0werm0de: yaay
  9947 | Elf:3    | 4thArraOfDagon: hey
  9947 | Elf:3    | p0werm0de: axion game to watch finally
  9947 | Elf:3    | p0werm0de: !!
  9951 | Elf:3    | p0werm0de: ;D
  9983 | Elf:3    | p0werm0de: !hs * vsen
  9985 | Elf:3    | beem: 14006. rainmaker the Acrobat (L27 VSEn of Gozag), escaped with the Orb and 15 runes on 2017-01-03 11:51:50, with 29191921 points after 50820 turns and 5:56:17.
 10134 | Elf:3    | Noticed a deep elf blademaster
 10141 | Elf:3    | Killed a deep elf blademaster
 10184 | Elf:3    | Got a ring of the Octopus King
 10186 | Elf:3    | Identified a ring of the Octopus King {rF+ AC+1 EV+1 Str+1 Int+1 Dex+1} (You took it off a deep elf demonologist on level 3 of the Elven Halls)
 10440 | Elf:3    | Identified the Compendium of Bewitching Black Arts
 10445 | Elf:3    | Learned a level 3 spell: Regeneration
 10796 | Elf:1    | Reached XP level 17. HP: 103/103 MP: 25/25
 10848 | Elf:1    | Reached skill level 19 in Unarmed Combat
 10958 | Elf:1    | Got a faintly glowing leather armour
 11069 | Orc:2    | Identified the cursed +0 leather armour "Taogeic" {rPois rC+ SInv} (You found it on level 1 of the Elven Halls)
 11263 | Swamp:1  | Entered Level 1 of the Swamp
 11313 | Swamp:1  | Noticed Louise
 11331 | Swamp:1  | Killed Louise
 11463 | Swamp:1  | Reached skill level 1 in Charms
 11463 | Swamp:1  | Reached skill level 1 in Necromancy
 11548 | Swamp:1  | 4thArraOfDagon: hi
 11579 | Swamp:1  | 4thArraOfDagon: any recent wins>?
 11751 | Swamp:2  | p0werm0de: no
 11753 | Swamp:2  | p0werm0de: i fail
 11756 | Swamp:2  | p0werm0de: ;D
 11768 | Swamp:2  | p0werm0de: and also dont play so much
 11792 | Swamp:2  | p0werm0de: youre doin better i c
 11881 | Swamp:3  | 4thArraOfDagon: ye
 11881 | Swamp:3  | 4thArraOfDagon: little burnout
 11881 | Swamp:3  | p0werm0de: ye i got other stuff in mind
 11881 | Swamp:3  | 4thArraOfDagon: and + much work lately
 11882 | Swamp:3  | p0werm0de: kk
 11892 | Swamp:3  | p0werm0de: but you scored some
 11902 | Swamp:3  | p0werm0de: yermak reached his 100 scores now ;D
 11927 | Swamp:3  | p0werm0de: did ya se his felid game
 11927 | Swamp:3  | p0werm0de: ??
 11927 | Swamp:3  | p0werm0de: !hs * feee -log
 11927 | Swamp:3  | 4thArraOfDagon: oh yes
 11927 | Swamp:3  | beem: 1315. Yermak, XL27 FeEE, T:21346: http://crawl.xtahua.com/crawl/morgue/Yermak/morgue-Yermak-20171107-204633.txt
 11929 | Swamp:3  | p0werm0de: super sicko
 11946 | Swamp:3  | Noticed Jorgrun
 11957 | Swamp:3  | Killed Jorgrun
 11964 | Swamp:3  | Got a jewelled leather armour
 11966 | Swamp:3  | magipi: hello
 11975 | Swamp:3  | p0werm0de: hey
 12007 | Swamp:3  | 4thArraOfDagon: ye, very good game
 12021 | Swamp:2  | p0werm0de: ye this is still stars for me
 12051 | Swamp:3  | p0werm0de: one sub 30k run
 12076 | Swamp:3  | p0werm0de: maybe i should play strong combos a while
 12081 | Swamp:3  | Identified the +1 leather armour of Fashionability {rPois rC+ rCorr Slay+3} (You found it on level 3 of the Swamp)
 12096 | Swamp:3  | p0werm0de: like Vs or sth
 12169 | Swamp:4  | Entered Level 4 of the Swamp
 12183 | Swamp:4  | 4thArraOfDagon: naa, strong combos are like meh :/
 12190 | Swamp:4  | p0werm0de: yea but i tried CKs and octopodes again this month
 12190 | Swamp:4  | p0werm0de: and muck
 12190 | Swamp:4  | 4thArraOfDagon: just go crap combo and still reach sub 30k :)
 12190 | Swamp:4  | p0werm0de: and just fail
 12190 | Swamp:4  | p0werm0de: haha
 12192 | Swamp:4  | p0werm0de: ye i wish
 12245 | Swamp:4  | 4thArraOfDagon: you could get sub 30k with mick, hock,vsck,nack and trck
 12245 | Swamp:4  | 4thArraOfDagon: just be patient
 12245 | Swamp:4  | p0werm0de: probably
 12272 | Swamp:4  | p0werm0de: but have vsck and nack alrdy
 12288 | Swamp:4  | p0werm0de: and dont like mi and ho
 12290 | Swamp:4  | p0werm0de: ;D
 12298 | Swamp:4  | Noticed the 27-headed Lernaean hydra
 12308 | Swamp:4  | p0werm0de: troll is pretty high yours
 12312 | Swamp:4  | p0werm0de: !hs * trck
 12314 | Swamp:4  | beem: 23406. 4thArraOfDagon the Brawler (L27 TrCK of Cheibriados), escaped with the Orb and 15 runes on 2015-09-20 21:43:41, with 53402806 points after 27084 turns and 4:59:18.
 12316 | Swamp:4  | Reached XP level 18. HP: 107/110 MP: 26/26
 12318 | Swamp:4  | p0werm0de: 27k!!
 12320 | Swamp:4  | magipi: lerny is here
 12341 | Swamp:4  | p0werm0de: !hs * vsck
 12344 | Swamp:4  | beem: 3029. p0werm0de the Sensei (L27 VSCK of Xom), escaped with the Orb and 15 runes on 2017-07-20 22:30:45, with 38080241 points after 38445 turns and 4:51:26.
 12353 | Swamp:4  | p0werm0de: mhh 38k
 12371 | Swamp:4  | 4thArraOfDagon: whats the plan
 12372 | Swamp:4  | p0werm0de: acid
 12373 | Swamp:4  | magipi: it's kinda hard to speedrun successfully in a game when Xom can kill you any moment
 12376 | Swamp:4  | p0werm0de: wew
 12376 | Swamp:4  | p0werm0de: a,b ?
 12376 | Swamp:4  | magipi: blink
 12376 | Swamp:4  | p0werm0de: ;D
 12390 | Swamp:4  | p0werm0de: ye but thats whats fun
 12393 | Swamp:4  | p0werm0de: xom speedrun i like
 12399 | Swamp:4  | p0werm0de: i took some of the HS already there
 12437 | Swamp:4  | p0werm0de: did ya see turgon anytime btw arra? ;D
 12456 | Swamp:4  | p0werm0de: he friend of yours?
 12468 | Swamp:4  | Noticed Roxanne
 12473 | Swamp:4  | 4thArraOfDagon: oh hey
 12473 | Swamp:4  | p0werm0de: yay roxy
 12473 | Swamp:4  | 4thArraOfDagon: no, I think he retired :(
 12473 | Swamp:4  | magipi: you are thinking of statue form I guess
 12473 | Swamp:4  | 4thArraOfDagon: I miss him
 12473 | Swamp:4  | p0werm0de: k
 12473 | Swamp:4  | p0werm0de: :>
 12473 | Swamp:4  | 4thArraOfDagon: seen bloax tho
 12484 | Swamp:4  | Killed Roxanne
 12485 | Swamp:4  | p0werm0de: i took all his demonspawn scores :>
 12494 | Swamp:4  | Learned a level 6 spell: Statue Form
 12494 | Swamp:4  | p0werm0de: bcz he took my DsCK
 12517 | Swamp:4  | p0werm0de: and was annoying in my spec
 12522 | Swamp:4  | p0werm0de: but i think he just didnt like 0.20 +
 12523 | Swamp:4  | p0werm0de: turgon now
 12525 | Swamp:4  | Killed the 27-headed Lernaean hydra
 12525 | Swamp:4  | Reached skill level 1 in Transmutations
 12525 | Swamp:4  | Reached skill level 1 in Earth Magic
 12555 | Swamp:4  | p0werm0de: !stalk turgon
 12558 | Swamp:4  | beem: Turgon the L17 DsCK^Xom in Lair:2 (cxc tiles), T:15054, runes: 2 (decaying, gossamer), defenses: 30/14/4, stats: 18/14/14
 12582 | Swamp:4  | p0werm0de: haha
 12604 | Swamp:4  | p0werm0de: he is ready to take it
 12618 | Swamp:4  | Got a decaying rune of Zot
 12801 | Swamp:2  | Reached skill level 5 in Spellcasting
 12821 | Swamp:1  | p0werm0de: !polymorph magipi
 12821 | Swamp:1  | beem: p0werm0de zaps a wand. magipi evaporates and reforms as a basilisk!
 12854 | Swamp:1  | magipi: in the zournament, ha went with a character with some octopode game with a plan to play only Op
 12856 | Lair:3   | magipi: and he did not like that experience
 12871 | Lair:3   | p0werm0de: he made a decent op score in 0.20 tho
 12883 | Lair:3   | p0werm0de: !hs * opwz
 12890 | Lair:3   | beem: 35787. Turgon the Slayer (L27 OpWz of Ashenzari), escaped with the Orb and 15 runes on 2017-06-11 11:44:54, with 36733637 points after 39849 turns and 19:31:33.
 12904 | Lair:3   | p0werm0de: this prob
 12920 | Lair:3   | Found a staircase to the Snake Pit.
 12932 | Snake:1  | Entered Level 1 of the Snake Pit
 12975 | Snake:1  | p0werm0de: haha hai turgon
 13008 | Snake:1  | p0werm0de: hows your DsCK game going
 13014 | Snake:1  | Learned a level 5 spell: Blade Hands
 13102 | Snake:1  | Turgon: I didn't play for months
 13126 | Snake:1  | Got a flickering wooden ring
 13127 | Snake:1  | p0werm0de: ye i just stalked ya
 13128 | Snake:1  | Identified the ring "Luogiz" {rElec rC+ Slay+5} (You found it on level 1 of the Snake Pit)
 13143 | Snake:1  | Turgon: In fact, I play a bit ZAngband offline
 13144 | Snake:1  | p0werm0de: !stalk turgon
 13150 | Snake:1  | beem: Turgon the L17 DsCK^Xom in Lair:2 (cxc tiles), T:15054, runes: 2 (decaying, gossamer), defenses: 30/14/4, stats: 18/14/14
 13170 | Snake:1  | p0werm0de: we talked about ya
 13211 | Snake:1  | Turgon: oh, this one
 13278 | Snake:2  | Turgon: Well, I'm really tired of crawl
 13288 | Snake:2  | Noticed Vashnia
 13298 | Snake:2  | p0werm0de: will come back
 13304 | Snake:2  | Killed Vashnia
 13305 | Snake:2  | p0werm0de: im at that point too now
 13310 | Snake:2  | p0werm0de: playin since june
 13316 | Snake:2  | Noticed Kirke
 13320 | Snake:2  | p0werm0de: had like 6 month break before
 13325 | Snake:2  | Killed Kirke
 13325 | Snake:2  | Reached skill level 5 in Transmutations
 13325 | Snake:2  | Reached skill level 5 in Earth Magic
 13346 | Snake:2  | p0werm0de: now motivation very low
 13346 | Snake:2  | Turgon: But when I recently watched CXC, I saw a new felid highscore by Yermak
 13359 | Snake:2  | Noticed Aizul
 13361 | Snake:2  | p0werm0de: yea this super sick
 13363 | Snake:2  | p0werm0de: !hs * feee
 13365 | Snake:2  | beem: 1315. Yermak the Intangible (L27 FeEE of Cheibriados), escaped with the Orb and 15 runes on 2017-11-07 20:46:33, with 67274917 points after 21346 turns and 8:23:06.
 13368 | Snake:2  | Killed Aizul
 13380 | Snake:2  | p0werm0de: and gnoll too
 13386 | Snake:2  | magipi: meanwhile, 4thA is losing
 13386 | Snake:2  | p0werm0de: !hs * gnsk -log
 13388 | Snake:2  | beem: 5384. Yermak, XL27 GnSk, T:21844: http://crawl.xtahua.com/crawl/morgue/Yermak/morgue-Yermak-20171104-195843.txt
 13397 | Snake:2  | Turgon: 4thArra, did you see the great felid run of Yermak?
 13416 | Snake:2  | Noticed Asterion
 13430 | Snake:2  | Killed Asterion
 13432 | Snake:2  | Turgon: Or read about it?
 13432 | Snake:2  | p0werm0de: gnoll might be worth a try for ya turgon
 13435 | Snake:2  | p0werm0de: in trunk
 13450 | Snake:2  | p0werm0de: theyre speedrunnable OP
 13466 | Snake:2  | Turgon: How does gnoll work in the meantime?
 13486 | Snake:2  | Turgon: They changed it several times
 13493 | Snake:2  | p0werm0de: +8 all normal apts, +6 magic, +9 invo
 13513 | Snake:2  | p0werm0de: but train all skills at once
 13528 | Snake:2  | p0werm0de: good stats, no stat lock
 13531 | Snake:2  | Turgon: oh
 13551 | Snake:2  | p0werm0de: so you basically super flexible
 13586 | Snake:2  | p0werm0de: works well with chei and ash ofc
 13676 | Snake:2  | magipi: gnolls are ridiculously weak in the middle game, but if you survive that, they are fine
 13760 | Snake:3  | p0werm0de: you probably played GnBe rite
 13761 | Snake:3  | p0werm0de: :>
 13808 | Snake:4  | Entered Level 4 of the Snake Pit
 13812 | Snake:4  | Reached XP level 19. HP: 115/115 MP: 29/29
 13813 | Snake:4  | p0werm0de: with ash or chei they aent that weak
 13826 | Snake:4  | p0werm0de: you will have lvl 5-6 spells
 13827 | Snake:4  | Turgon: Did you mean gnolls train all skills all time?
 13829 | Snake:4  | p0werm0de: by that time
 13830 | Snake:4  | p0werm0de: yes
 13834 | Snake:4  | magipi: no, I played VM I think
 13895 | Snake:4  | p0werm0de: !hs * gnck -log
 13896 | Snake:4  | beem: 526. p0werm0de, XL27 GnCK, T:36047: http://crawl.xtahua.com/crawl/morgue/p0werm0de/morgue-p0werm0de-20170930-125836.txt
 13904 | Snake:4  | magipi: when you go for runes and your magic skill is like 8, that is not good
 13917 | Snake:4  | magipi: to put is mildly
 13955 | Snake:4  | p0werm0de: !hs * gnsk -log
 13957 | Snake:4  | beem: 5384. Yermak, XL27 GnSk, T:21844: http://crawl.xtahua.com/crawl/morgue/Yermak/morgue-Yermak-20171104-195843.txt
 13972 | Snake:4  | p0werm0de: this is the most recent gnoll version
 13983 | Snake:4  | p0werm0de: before it was mildly better
 13992 | Snake:4  | p0werm0de: but yea doesnt make a big diffrence
 14027 | Snake:4  | p0werm0de: still doubtable they get into stable like this
 14052 | Snake:4  | p0werm0de: ya know i just want you to abort that DsCK game
 14060 | Snake:4  | p0werm0de: so try gnolls now1!
 14079 | Snake:4  | magipi: it is doubtful that a stable version will ever get released :D
 14091 | Snake:4  | p0werm0de: ye that too
 14105 | Snake:4  | Turgon: Why should I abort a promising DsCK game?
 14123 | Snake:4  | p0werm0de: to try gnolls
 14123 | Snake:4  | p0werm0de: ;D
 14131 | Snake:4  | Got a serpentine rune of Zot
 14135 | Snake:4  | p0werm0de: underhound is down
 14198 | Snake:4  | p0werm0de: and to leave my hs alone!!
 14202 | Snake:4  | Turgon: Note that I would have some problems with starting crawl
 14277 | Snake:3  | Turgon: Compared to ZAngband: different commands, different scrolls, different pots
 14293 | Snake:3  | p0werm0de: ye
 14317 | Snake:3  | p0werm0de: no but its the only real news about crawl
 14320 | Snake:3  | Turgon: E.g. teleport scroll works instantly
 14321 | Snake:3  | p0werm0de: gnoll species
 14355 | Snake:4  | p0werm0de: otherwise nothing really
 14424 | Snake:3  | Noticed Donald
 14428 | Snake:3  | Killed Donald
 14515 | Lair:3   | Turgon: ZAngband: unlimited resources of whatsoever
 14527 | Lair:4   | p0werm0de: didnt play that
 14534 | Lair:4   | Turgon: You can buff your char as long as you like
 14555 | Lair:5   | p0werm0de: only tome4 is it based on angband?
 14565 | Lair:6   | Turgon: ZAngband is the most popular version of angband
 14589 | Lair:6   | Turgon: What I really like: you have a surface
 14592 | Slime:1  | Entered Level 1 of the Pits of Slime
 14604 | Slime:1  | Turgon: You can run around, look for different dungeons
 14613 | Slime:1  | Turgon: You have lots of towns with shops
 14638 | Slime:2  | p0werm0de: yea i think tome is based on it
 14641 | Slime:2  | Turgon: Of course, it's not really balanced
 14656 | Slime:3  | p0werm0de: really complex game
 14719 | Slime:4  | Lost mutation: You are robust. (+10% HP) [a shining eye]
 14720 | Slime:4  | Gained mutation: Your magical capacity is low. (-10% MP) [a shining eye]
 14731 | Slime:3  | Turgon: p0werm0de: not sure if I asked you before - where are you from?
 14768 | Slime:4  | p0werm0de: same as you man
 14775 | Slime:4  | p0werm0de: :>
 14779 | Slime:5  | Entered Level 5 of the Pits of Slime
 14784 | Slime:5  | Turgon: Was?
 14795 | Slime:5  | p0werm0de: german
 14813 | Slime:4  | Turgon: Dann hab ich Dich noch nicht gefragt!
 14828 | Slime:4  | p0werm0de: yo
 14835 | Slime:5  | Reached skill level 20 in Unarmed Combat
 14835 | Slime:5  | Reached XP level 20. HP: 110/110 MP: 29/29
 14843 | Slime:5  | Turgon: Das hätte ich behalten
 14852 | Slime:5  | Turgon: Woher kommst Du?
 14863 | Slime:5  | p0werm0de: göttingen
 14877 | Slime:5  | Turgon: Da war ich schon
 14883 | Slime:5  | p0werm0de: duß
 14941 | Slime:5  | Found a viscous altar of Jiyva.
 14943 | Slime:5  | Noticed the Royal Jelly
 14950 | Slime:5  | Killed the Royal Jelly
 14963 | Slime:5  | magipi: wow
 14963 | Slime:5  | Identified the Handbook of Helpful Translocation
 14973 | Slime:5  | Learned a level 8 spell: Controlled Blink
 14991 | Slime:5  | Got a pitted bone ring
 15008 | Slime:5  | Identified the ring "Ijod" {rF+ EV+2 Int+8} (You found it on level 5 of the Pits of Slime)
 15037 | Slime:5  | Learned a level 2 spell: Sublimation of Blood
 15038 | Slime:5  | Got a slimy rune of Zot
 15040 | Slime:5  | Got a silken robe
 15049 | Slime:5  | Found the +8 frozen axe "Frostbite" {freezing cloud, *Noise +Fly rC+}
 15073 | Slime:5  | Identified the +1 robe of Distant Shores {rN+ Dex+5} (You found it on level 5 of the Pits of Slime)
 15074 | Slime:5  | Turgon: murphy kommt aus Darmstadt und Zwobot aus Köln
 15102 | Slime:5  | p0werm0de: yo muprhy weiss ich
 15103 | Slime:5  | magipi: nice rings
 15159 | Slime:2  | p0werm0de: woher bist du?
 15169 | Slime:1  | magipi: vaults next?
 15176 | Lair:6   | p0werm0de: tedronai auch deutsch aber kp
 15289 | D:9      | p0werm0de: arra rly ignorant!!
 15291 | D:9      | Turgon: Ich bin aus Augsburg
 15332 | D:12     | p0werm0de: he said he misses ya turgon
 15332 | D:12     | p0werm0de: aye ok
 15332 | D:12     | 4thArraOfDagon: yes
 15333 | D:12     | p0werm0de: bayern
 15333 | D:12     | 4thArraOfDagon: rutong
 15333 | D:12     | 4thArraOfDagon: !
 15333 | D:12     | p0werm0de: ??
 15333 | D:12     | p0werm0de: ;D
 15333 | D:12     | Turgon: Hi 4thArra
 15342 | D:12     | Killed Snorg
 15350 | D:12     | Killed Gastronok
 15350 | D:12     | Reached skill level 1 in Translocations
 15353 | D:12     | Turgon: Your felid highscore has been stolen!
 15363 | D:12     | Turgon: Yermak got 21 k felid
 15363 | D:12     | 4thArraOfDagon: he deserve it!
 15363 | D:12     | 4thArraOfDagon: my fe highscore was random anyway, what class was it ?
 15363 | D:12     | p0werm0de: !hs * fe-- -2
 15363 | D:12     | beem: 142857/142858. 4thArraOfDagon the Ninja (L27 FeEn of Cheibriados), escaped with the Orb and 15 runes on 2015-12-02 22:13:53, with 52406835 points after 27558 turns and 5:36:18.
 15363 | D:12     | p0werm0de: also very good
 15371 | D:13     | Turgon: Chei is still master of speedruns - however, I don't like him
 15382 | D:13     | Found Ugeowkan's General Store.
 15390 | D:13     | Bought 2 scrolls of teleportation for 102 gold pieces
 15390 | D:13     | Bought a scroll of teleportation for 51 gold pieces
 15523 | D:13     | Found a gate to the Vaults.
 15529 | Vaults:1 | Entered Level 1 of the Vaults
 15542 | Vaults:1 | 4thArraOfDagon: me too
 15572 | Vaults:1 | 4thArraOfDagon: I generally don't like op combos
 15572 | Vaults:1 | Turgon: So why do you play with a god you don't like??
 15572 | Vaults:1 | 4thArraOfDagon: like chei of anything + statue :(
 15655 | Vaults:1 | 4thArraOfDagon: I wanted to start streak of strong combo
 15757 | Vaults:2 | Turgon: Btw, Yermak's felid was his 100th combo highscore!
 15931 | Vaults:3 | Noticed Boris
 15940 | Vaults:3 | Killed Boris
 15940 | Vaults:3 | Reached skill level 5 in Translocations
 15940 | Vaults:3 | Reached XP level 21. HP: 116/116 MP: 30/30
 15947 | Vaults:3 | p0werm0de: ya
 15964 | Vaults:3 | p0werm0de: we didnt manage to stop him
 15967 | Vaults:3 | Reached skill level 21 in Unarmed Combat
 15984 | Vaults:3 | p0werm0de: too strong
 16020 | Vaults:3 | Found a staircase to the Crypt.
 16020 | Vaults:3 | Found a basalt altar of Yredelemnul.
 16021 | Vaults:3 | Found an ancient bone altar of Kikubaaqudgha.
 16076 | Vaults:2 | p0werm0de: last i took from him were BaSk and GnCK
 16090 | Vaults:2 | p0werm0de: and DgEE i think
 16095 | Vaults:2 | p0werm0de: !hs * dgee -2
 16099 | Vaults:2 | beem: 5040/5041. tlatlagkaus the Middleweight Champion (L27 DgEE), escaped with the Orb and 15 runes on 2017-05-29 00:18:35, with 19666912 points after 77882 turns and 6:18:22.
 16102 | Vaults:2 | p0werm0de: no
 16113 | Vaults:3 | Turgon: Yermak's crawl career started with his love for spriggans
 16113 | Vaults:3 | p0werm0de: only those
 16147 | Vaults:3 | p0werm0de: hes just too good
 16209 | Vaults:3 | 4thArraOfDagon: his next mission should be trying to snatch charly score
 16216 | Vaults:4 | Turgon: yes
 16228 | Vaults:4 | Turgon: that's what I just thought about
 16228 | Vaults:4 | p0werm0de: he doesnt seem to play 016 or 017 tho
 16228 | Vaults:4 | 4thArraOfDagon: he is one of few players thats capable of
 16230 | Vaults:4 | Turgon: but < 18 k...
 16232 | Vaults:4 | p0werm0de: always trunk
 16307 | Vaults:4 | magipi: in 20+ it is impossible to do such an ultra speedrun
 16307 | Vaults:4 | 4thArraOfDagon: you can reach 19 in trunk
 16307 | Vaults:4 | magipi: not enough teleports
 16315 | Vaults:4 | p0werm0de: well shortpan will come too
 16315 | Vaults:4 | 4thArraOfDagon: pandemonium with enough luck is 1k turns
 16317 | Vaults:4 | p0werm0de: and maybe even hell
 16318 | Vaults:4 | p0werm0de: we'll see
 16318 | Vaults:4 | 4thArraOfDagon: my recen dwarf had 960 turns in whole pan
 16337 | Vaults:4 | Turgon: !!
 16410 | Vaults:5 | Entered Level 5 of the Vaults
 16421 | Vaults:5 | magipi: wow
 16457 | Vaults:5 | Turgon: magipi: I think I didn't ask you either. Where are you from?
 16497 | Vaults:5 | Identified Hehuruf's Catalogue of Evil Cold
 16516 | Vaults:5 | Got a slimy scale mail
 16553 | Vaults:5 | magipi: budapest, hungary
 16559 | Vaults:5 | Turgon: oh
 16569 | Vaults:5 | Turgon: I've been there as well!
 16573 | Vaults:5 | magipi: so not far :D
 16587 | Vaults:5 | magipi: wow, nice
 16595 | Vaults:5 | Turgon: That's another nice surprise
 16620 | Vaults:5 | Turgon: In 1996 I followed the Donau / Duna
 16622 | Vaults:5 | p0werm0de: aye you got that nice festival there
 16635 | Vaults:5 | Noticed an ancient lich
 16639 | Vaults:5 | Noticed a golden dragon
 16642 | Vaults:5 | Turgon: From black forest in Germany, through Austria and Hungary
 16646 | Vaults:5 | Killed an ancient lich
 16647 | Vaults:5 | Killed a golden dragon
 16649 | Vaults:5 | p0werm0de: sziget!
 16660 | Vaults:5 | p0werm0de: ever been there
 16661 | Vaults:5 | Noticed Mennas
 16677 | Vaults:5 | Turgon: Went by bicycle all the way
 16684 | Vaults:5 | p0werm0de: nice man
 16684 | Vaults:5 | Slain by a titan

Vault maps used:
D:1:      onia_arrival_pentagram, minivault_11
D:2:      uniq_sigmund
D:3:      uniq_robin
D:4:      lemuel_crystal_altar, amethyst_overflow_temple_binary, minitemple,
          first_bread
D:5:      kennysheep_little_box, temple_fountains, minmay_misc_feat_diagonals
D:6:      old_standard_altar, nicolae_overflow_hidden_temple,
          kennysheep_slug_shrine
D:7:      lemuel_insect_pit, nicolae_dithmenos_the_darkroom
D:8:      serial_shops, shop, shop_statue, shop, uniq_joseph, uniq_pikel
D:9:      cheibrodos_steamvent, due_lair_maze_entry_diamond, kennysheep_nub
D:10:     erik_orc_3, serial_shops, kennysheep_mini
D:12:     lab_entry_generic, uniq_snorg, uniq_gastronok
D:13:     david_vaults_4, serial_shops,
          nicolae_shop_temple_entry_statues_fountains, hangedman_stone_soup,
          library_closet, bh_walls_and_bars
Lair:1:   st_stairs_4, hangedman_lair_generics_rect, grunt_megastairs_5,
          uniq_nergalle
Lair:2:   minmay_swamp_entry_eels, serial_bayou_ford_a, serial_bayou_shore_a,
          grunt_megastairs_2
Lair:3:   minmay_snake_entry_guardpost_medium, basic_altar
Lair:4:   st_stairs_6, serial_bayou_pond_a
Lair:5:   lemuel_fruit_tree
Lair:6:   due_jungle_book, slime_altar_1, grunt_megastairs_1,
          lemuel_fruit_fields, lemuel_fruit_fields
Swamp:1:  evilmike_swamp_ruin_house_6, uniq_louise
Swamp:2:  evilmike_swamp_ruin_house_2
Swamp:3:  nicolae_swamp_fairy_circle, uniq_jorgrun
Swamp:4:  swamp_old_school, uniq_roxanne
Snake:2:  uniq_asterion, uniq_aizul, uniq_kirke, uniq_vashnia
Snake:3:  uniq_donald
Snake:4:  minmay_snake_end_coiled
Slime:1:  special_room
Slime:3:  nicolae_slime_phagocytosis
Orc:1:    lemuel_statue_altar
Orc:2:    grunt_orc_tribal_feast, special_room, mines1_david
Elf:1:    minmay_elf_arrival_circle, minivault_28
Elf:2:    wad_floor_pattern_untrapped
Elf:3:    minmay_elf_hall_dome, serial_shops, nicolae_shop_stone,
          grunt_megastairs_4, minmay_shop_star, basic_stair_grate_trap
Vaults:1: serial_ice_b, st_greater_box_5, vaults_dpeg_doors,
          nicolae_vaults_gold_heap, grunt_vaults_bifocal,
          nicolae_vaults_little_squares_2, hangedman_vaults_maws,
          ontoclasm_vaults_chip, nicolae_vaults_alarming, vaults_room_fours,
          nicolae_vaults_little_squares_2, ontoclasm_vaults_loading_screen
Vaults:2: vaults_dpeg_ring, st_lines, vaults_standard_mumra_lines,
          v_alt_pattern_5, ontoclasm_vaults_decontamination,
          hangedman_vaults_restitches, vaults_room_corners, v_pattern_2,
          hangedman_vaults_snaps, nicolae_vaults_rhombus_7, uniq_saint_roka
Vaults:3: ontoclasm_vaults_ring_square, minmay_crypt_entry_necro_gods,
          v_misc_16, vaults_room_grunt_arrival_ludios, st_check, v_misc_17,
          v_misc_27, uniq_margery, uniq_boris
Vaults:4: nicolae_vaults_disjoint_gnomons, nicolae_vaults_arrows,
          ontoclasm_vaults_eye, grunt_vaults_funnel,
          nicolae_vaults_c_with_doors, nicolae_vaults_specimen_jars,
          hangedman_vaults_trim, hangedman_vaults_maws
Vaults:5: uniq_mennas
Lab:      labyrinth_watery, nicolae_lab_grate_2

Skill      XL: |  1  2  3  4  5  6  7  8  9 10 11 12 13 14 15 16 17 18 19 20 21 |
---------------+----------------------------------------------------------------+-----
Short Blades   | 1 2 |  2.1
Unarmed Combat | 1 2 3 4 5 7 8 10 11 13 14 16 17 18 19 20 21 | 21.6
Fighting       | 1 2 3 4 5 6 7 8 9 10 11 12 13 14 | 14.9
Dodging        | 2 3 4 5 6 7 8 9 10 11 12 13 | 13.9
Invocations    | 1 2 3 4 5 7 8 9 10 | 10.3
Charms         | 4 |  4.5
Necromancy     | 4 |  4.5
Spellcasting   | 3 6 8 |  8.8
Transmutations | 6 9 |  9.6
Earth Magic    | 6 9 |  9.6
Translocations | 5 8 |  8.4
Stealth        | |  3.6
Hexes          | |  3.0

Action                   |  1- 3 |  4- 6 |  7- 9 | 10-12 | 13-15 | 16-18 | 19-21 || total
-------------------------+-------+-------+-------+-------+-------+-------+-------++-------
Melee: Dagger            |    59 |    60 |       |       |       |       |       ||   119
       Bite              |     9 |    74 |   116 |   294 |   337 |   368 |   257 ||  1455
       Punch             |     1 |     3 |    11 |    57 |    84 |   122 |   103 ||   381
       Unarmed           |       |   172 |   237 |   505 |   625 |   723 |   617 ||  2879
 Cast: Corona            |     7 |     2 |       |       |       |       |       ||     9
       Ensorcelled Hiber |     6 |     6 |       |       |       |       |       ||    12
       Confusing Touch   |       |     3 |    14 |    14 |     7 |     1 |     2 ||    41
       Confuse           |       |       |       |     1 |       |       |       ||     1
       Statue Form       |       |       |       |       |       |     3 |    36 ||    39
       Regeneration      |       |       |       |       |       |     2 |    17 ||    19
       Blade Hands       |       |       |       |       |       |     2 |       ||     2
Invok: Slouch            |       |       |     1 |     9 |    15 |     1 |     3 ||    29
       Temporal Distorti |       |       |       |       |       |     3 |     4 ||     7
 Abil: End Transformatio |       |       |       |       |       |       |     3 ||     3
Evoke: Wand              |       |       |     8 |     2 |    10 |     9 |     2 ||    31
       Lightning rod     |       |       |       |     4 |       |       |       ||     4
       Box of beasts     |       |       |       |       |       |     1 |       ||     1
       Phial of floods   |       |       |       |       |       |     1 |       ||     1
  Use: Scroll            |     3 |     2 |     1 |     5 |    18 |    12 |     5 ||    46
       Potion            |     1 |       |       |     6 |     4 |     2 |     4 ||    17
 Stab: Sleeping          |     7 |     8 |     5 |     4 |     5 |    10 |     2 ||    41
       Confused          |       |     2 |     6 |    13 |     3 |       |     1 ||    25
       Distracted        |       |     1 |       |     2 |     2 |     4 |       ||     9
  Eat: Chunk             |       |     4 |     1 |    12 |     8 |     8 |     2 ||    35
       Royal jelly       |       |       |     1 |     1 |       |     2 |     4 ||     8
       Fruit             |       |       |       |       |     3 |       |     4 ||     7
       Bread ration      |       |       |       |       |       |       |     2 ||     2
Armor: Robe              |    20 |     8 |       |       |    29 |    19 |       ||    76
       Ring mail         |       |    36 |    48 |    54 |     9 |       |       ||   147
       Skin              |       |       |       |       |    17 |    14 |   211 ||   242
       Leather armour    |       |       |       |       |       |    25 |     9 ||    34
Dodge: Dodged            |    53 |   137 |   135 |   398 |   441 |   698 |  1064 ||  2926
Block: Other             |       |       |    10 |   102 |   112 |   131 |   209 ||   564
       Reflection        |       |       |       |     1 |     7 |     7 |    29 ||    44

Table legend:
 A = Spawn XP
 B = Non-spawn XP
 C = Spawn XP percentage of total XP
 D = Spawn monster count
 E = Non-spawn monster count
 F = Spawn count percentage of total count
 G = Total turns spent on level
                    A         B        C        D         E        F      G
               +---------+---------+-------+---------+---------+-------+---------
         Total |       0 |  585948 |   0.0 |       0 |    1289 |   0.0 | 16684
               +---------+---------+-------+---------+---------+-------+---------
           D:1 |       0 |      23 |   0.0 |       0 |      15 |   0.0 |   388
           D:2 |       0 |     337 |   0.0 |       0 |      31 |   0.0 |   668
           D:3 |       0 |      84 |   0.0 |       0 |      23 |   0.0 |   447
           D:4 |       0 |     125 |   0.0 |       0 |      12 |   0.0 |   444
           D:5 |       0 |     612 |   0.0 |       0 |      19 |   0.0 |   461
           D:6 |       0 |    1672 |   0.0 |       0 |      37 |   0.0 |   417
           D:7 |       0 |    1249 |   0.0 |       0 |      24 |   0.0 |   287
           D:8 |       0 |    2966 |   0.0 |       0 |      30 |   0.0 |   577
           D:9 |       0 |    3878 |   0.0 |       0 |      34 |   0.0 |   445
          D:10 |       0 |    7863 |   0.0 |       0 |      47 |   0.0 |   616
          D:11 |       0 |     530 |   0.0 |       0 |       8 |   0.0 |   212
          D:12 |       0 |    7049 |   0.0 |       0 |      28 |   0.0 |   278
          D:13 |       0 |    7663 |   0.0 |       0 |      27 |   0.0 |   174
        Lair:1 |       0 |    1851 |   0.0 |       0 |       7 |   0.0 |   351
        Lair:2 |       0 |    3087 |   0.0 |       0 |      18 |   0.0 |   416
        Lair:3 |       0 |    3077 |   0.0 |       0 |      11 |   0.0 |   455
        Lair:4 |       0 |    1913 |   0.0 |       0 |      10 |   0.0 |   167
        Lair:5 |       0 |    3117 |   0.0 |       0 |      11 |   0.0 |   290
        Lair:6 |       0 |   32665 |   0.0 |       0 |      93 |   0.0 |   943
       Swamp:1 |       0 |   13049 |   0.0 |       0 |      26 |   0.0 |   371
       Swamp:2 |       0 |   15275 |   0.0 |       0 |      39 |   0.0 |   329
       Swamp:3 |       0 |   11423 |   0.0 |       0 |      22 |   0.0 |   328
       Swamp:4 |       0 |   34622 |   0.0 |       0 |      59 |   0.0 |   543
       Snake:1 |       0 |   10268 |   0.0 |       0 |      23 |   0.0 |   376
       Snake:2 |       0 |   33734 |   0.0 |       0 |      48 |   0.0 |   466
       Snake:3 |       0 |    9336 |   0.0 |       0 |      12 |   0.0 |   242
       Snake:4 |       0 |   46215 |   0.0 |       0 |      79 |   0.0 |   498
       Slime:1 |       0 |    6799 |   0.0 |       0 |      14 |   0.0 |    49
       Slime:3 |       0 |    8088 |   0.0 |       0 |      22 |   0.0 |   118
       Slime:4 |       0 |    6977 |   0.0 |       0 |      11 |   0.0 |    91
       Slime:5 |       0 |   49574 |   0.0 |       0 |      27 |   0.0 |   307
         Orc:1 |       0 |    4654 |   0.0 |       0 |      37 |   0.0 |   371
         Orc:2 |       0 |   13066 |   0.0 |       0 |      73 |   0.0 |   911
         Elf:1 |       0 |   36701 |   0.0 |       0 |      57 |   0.0 |   727
         Elf:2 |       0 |   14256 |   0.0 |       0 |      23 |   0.0 |   380
         Elf:3 |       0 |   57969 |   0.0 |       0 |      63 |   0.0 |  1241
      Vaults:1 |       0 |   19240 |   0.0 |       0 |      35 |   0.0 |   211
      Vaults:2 |       0 |   14027 |   0.0 |       0 |      37 |   0.0 |   137
      Vaults:3 |       0 |   43425 |   0.0 |       0 |      56 |   0.0 |   377
      Vaults:4 |       0 |     956 |   0.0 |       0 |       4 |   0.0 |   156
      Vaults:5 |       0 |   55442 |   0.0 |       0 |      36 |   0.0 |   274
           Lab |       0 |    1091 |   0.0 |       0 |       1 |   0.0 |   127
               +---------+---------+-------+---------+---------+-------+---------
